[Event "TePe Sigeman & Co Chess Tournament 2024"]
[Site "Elite Plaza Hotel, Gustav Adolfs Torg 49, Malmo, Sweden"]
[Date "2024.05.03"]
[Round "7.1"]
[White "Ju, Wenjun"]
[Black "Korobov, Anton"]
[Result "1-0"]
[TimeControl "90 minutes for 40 moves + 30 minutes for the rest of the game + 30 seconds per move from move one."]
[WhiteTitle "GM"]
[BlackTitle "GM"]
[WhiteFideId "8603006"]
[BlackFideId "14105730"]
[WhiteElo "2559"]
[BlackElo "2651"]

1. e4 c5 2. Nf3 d6 3. Bb5+ Nd7 4. d4 cxd4 5. Qxd4 a6 6. Be2 Ngf6 7. O-O e6 8. Nc3 Qc7 9. a4 b6 10.
Bg5 Bb7 11. Nd2 h6 12. Bxf6 Nxf6 13. Nc4 Qc5 14. Rad1 Qxd4 15. Rxd4 d5 16. exd5 Bc5 17. Rdd1 exd5 18. Bf3 O-O-O 19. Ne5 Rhe8 20. Nd3 Bd6 21. Ne2 Ne4 22. Nd4 Kc7 23. h4 Be7 24. g3 Nc5 25. Nxc5 bxc5 26. Ne2 g5 27. hxg5 hxg5 28.
Rd2 Bf6 29. Rfd1 Bc6 30. b3 Rd7 31. Kf1 Red8 32. Rd3 c4 33. R3d2 Rd6 34. Nd4 Bd7 35. Bh5 Bg7 36. Kg1 f5 37.
Be2 Kb6 38. a5+ Kc5 39. c3 Bxd4 40. b4+ Kc6 41. Rxd4 Be6 42. Bf1 Bf7 43. R1d2 f4 44. Bg2 Kb5 45. Bf3 fxg3 46. fxg3 Re8 47.
Bxd5 Rxd5 48. Rxd5+ Bxd5 49. Rxd5+ Ka4 50. Kf2 Kb3 51. b5 axb5 52. Rxb5+ Kxc3 53. a6 Ra8 54. Rb6 Kd4 55. Ke2 Kc5 56.
Rg6 Kb5 57. Rxg5+ Kxa6 58. Rc5 Re8+ 59. Kf3 Rf8+ 60. Kg2 Rg8 61. Rxc4 Kb5 62. Rc3 Kb4 63. Rc1 Kb5 64. Rc2 Kb6 65. Rc1 Kb5 66. Kf3 Rf8+ 67. Ke4 Rg8 68. Kf4 Rf8+ 69. Ke5 Re8 70.
Kf5 Rf8 71. Ke6 Re8+ 72. Kf7 Re4 73. Rg1 Rg4 74. Kf6 Kc6 75. Kf5 1-0

[ePGN "0.1;DGT LiveChess/2.2.6"]

[Event "TePe Sigeman & Co Chess Tournament 2024"]
[Site "Elite Plaza Hotel, Gustav Adolfs Torg 49, Malmo, Sweden"]
[Date "2024.05.03"]
[Round "7.2"]
[White "Abdusattorov, Nodirbek"]
[Black "Maurizzi, Marc'Andria"]
[Result "1-0"]
[TimeControl "90 minutes for 40 moves + 30 minutes for the rest of the game + 30 seconds per move from move one."]
[WhiteTitle "GM"]
[BlackTitle "GM"]
[WhiteFideId "14204118"]
[BlackFideId "36083534"]
[WhiteElo "2765"]
[BlackElo "2605"]

1. d4 d5 2. c4 e6 3. Nf3 Nf6 4. g3 Be7 5. Bg2 O-O 6. Qc2 a5 7. O-O Nc6 8. a3 dxc4 9. Qxc4 a4 10.
Nc3 Bd7 11. Bf4 Na5 12. Qd3 c5 13. Rad1 Bc6 14. e4 cxd4 15. Nxd4 Bc5 16. Nxc6 Qxd3 17. Rxd3 Nxc6 18. e5 Nh5 19.
Rd7 Nxf4 20. gxf4 Nd4 21. Rxb7 Ra7 22. Rd1 Rxb7 23. Bxb7 Ba7 24. Be4 f6 25. f5 Rd8 26. fxe6 Ne2+ 27.
Kf1 Rxd1+ 28. Nxd1 Nf4 29. exf6 gxf6 30. Nc3 Kf8 31. Bf5 1-0

[ePGN "0.1;DGT LiveChess/2.2.6"]

[Event "TePe Sigeman & Co Chess Tournament 2024"]
[Site "Elite Plaza Hotel, Gustav Adolfs Torg 49, Malmo, Sweden"]
[Date "2024.05.03"]
[Round "7.3"]
[White "Svidler, Peter"]
[Black "Keymer, Vincent"]
[Result "1/2-1/2"]
[TimeControl "90 minutes for 40 moves + 30 minutes for the rest of the game + 30 seconds per move from move one."]
[WhiteTitle "GM"]
[BlackTitle "GM"]
[WhiteFideId "4102142"]
[BlackFideId "12940690"]
[WhiteElo "2689"]
[BlackElo "2726"]

1. e4 e5 2. Nf3 Nc6 3. Bb5 a6 4. Ba4 Nf6 5. d3 Bc5 6. Bxc6 dxc6 7. Qe2 Qe7 8.
Nbd2 Bg4 9. h3 Bh5 10. g4 Bg6 11. Nb3 Bd6 12. Nh4 Nd7 13. Nf5 Bxf5 14. gxf5 g6 15. Qf3 O-O-O 16. Be3 Bb4+ 17.
Ke2 Nc5 18. Rag1 Rhg8 19. h4 Qd6 20. h5 Kb8 21. Bc1 Nxb3 22. axb3 Bc5 23. Rg3 Bb6 24. Bd2 Bd4 25. hxg6 hxg6 26.
Rh7 Bxb2 27. Rxf7 Qc5 28. c4 gxf5 29. Rxg8 Rxg8 30. Qxf5 Qa3 31. b4 Rd8 32. Rd7 Rc8 33. Qf6 Qa2 34.
Rd8 b6 35. Kf3 Qb3 36. Be3 Rxd8 37. Qxd8+ Kb7 38. Bxb6 Qd1+ 39. Kg3 Qg1+ 40. Kf3 Qd1+ 41. Kg3 Qg1+ 42. Kf3 1/2-1/2

[ePGN "0.1;DGT LiveChess/2.2.6"]

[Event "TePe Sigeman & Co Chess Tournament 2024"]
[Site "Elite Plaza Hotel, Gustav Adolfs Torg 49, Malmo, Sweden"]
[Date "2024.05.03"]
[Round "7.4"]
[White "Grandelius, Nils"]
[Black "Erigaisi, Arjun"]
[Result "1/2-1/2"]
[TimeControl "90 minutes for 40 moves + 30 minutes for the rest of the game + 30 seconds per move from move one."]
[WhiteTitle "GM"]
[BlackTitle "GM"]
[WhiteFideId "1710400"]
[BlackFideId "35009192"]
[WhiteElo "2664"]
[BlackElo "2756"]

1. e4 c5 2. Nf3 d6 3. Bb5+ Nd7 4. d4 cxd4 5. Nxd4 Ngf6 6. Bd3 Nc5 7. Nc3 g6 8. O-O Bg7 9. Re1 O-O 10.
Bf1 Bd7 11. a4 a6 12. Ra3 Rc8 13. h3 Re8 14. a5 Bc6 15. Nxc6 Rxc6 16. b4 Ncd7 17. Nd5 Nxd5 18. exd5 Rc7 19.
c4 Ne5 20. Rc3 Qc8 21. Qb3 e6 22. dxe6 fxe6 23. Bb2 d5 24. cxd5 Rxc3 25. Bxc3 Nf3+ 26. gxf3 Qxc3 27. Qxc3 Bxc3 28.
Re4 Kf8 29. dxe6 Ke7 30. h4 Rd8 31. Rc4 Be5 32. f4 Bd6 33. Bg2 Rb8 34. Bd5 b6 35. Rc6 bxa5 36. Rxa6 axb4 37. Ra7+ Ke8 38.
Bc6+ Kf8 39. Rf7+ Kg8 40. Rd7 b3 41. Rxd6 b2 42. Be4 b1=Q+ 43. Bxb1 Rxb1+ 44. Kg2 Kg7 45. Rd5 Kf6 46. Re5 Ke7 47.
Kf3 Rh1 48. h5 Rh3+ 49. Kg2 Ra3 50. h6 Ra1 51. Rb5 Kxe6 52. Rb7 Ra5 53. Rxh7 Rh5 54. Kf3 Kf6 55. Rh8 Rh4 56. Ke3 Kf7 57.
Kf3 Kf6 58. Kg2 Rh5 59. Kg3 Rh1 60. f3 Kf7 61. f5 gxf5 62. Kf4 Rh3 63. Ra8 Rxh6 64. Ra7+ Kf8 65. Kxf5 Rb6 1/2-1/2